AoeStats
← tomwilmore

Four Lakes

509778904Analyzed
1v1 RM · 5d ago on Sep 28, 2026· 28m 11s· 2 players
Game mode
Random Map
Map size
Tiny (2 player)
Population
200
Speed
Normal
Resources
Standard
Victory
Conquest
Starting age
Dark Age
Ending age
Imperial Age
RankedLock teamsTeams togetherTeam positionsShared explorationLock speedFull tech treeHidden civsTurbo modeCheats
Victory
Defeat
🇦🇷 Britons · Argentina
910
+42
🇬🇧 Slavs · United Kingdom
901
-45
tomwilmore
12:50 Feudal Age
15:56 Loom
15:45 Man-at-Arms
19:29 Scale Mail Armor
24:25 Horse Collar
30:05 Castle Age
Tokalil
3:04 Loom
10:39 Feudal Age
17:45 Fletching
19:42 Padded Archer Armor
23:23 Castle Age
23:16 Double-Bit Axe
23:13 Horse Collar
23:55 Crossbowman
24:32 Bodkin Arrow
25:01 Gold Mining
27:07 Ballistics
Connection lost

Rejoining the realm…

Still unreachable

The connection could not be restored.

Session expired

The server has moved on; the page needs a fresh start.